 Dungeon Crawl Stone Soup version 0.20.1-1-g8b1a95d (webtiles) character file.

1583 Monsterracer the Grappler (level 8, -5/79 HPs)
             Began as a Troll Venom Mage on Sept 24, 2017.
             Was an Initiate of Ru.
             Slain by a rust devil (10 damage)
             ... on level 5 of the Dungeon.
             The game lasted 00:08:23 (5376 turns).

Monsterracer the Grappler (Troll Venom Mage)        Turns: 5376, Time: 00:08:24

Health: -5/79      AC: -18   Str: 25    XL:     8   Next: 60%
Magic:  8/8        EV: 11    Int: 11    God:    Ru [......]
Gold:   254        SH:  0    Dex: 10    Spells: 8/9 levels left

rFire    . . .     SeeInvis .     - Unarmed
rCold    . . .     Gourm    +   (no shield)
rNeg     . . .     Faith    .   a - +1 robe
rPois    .         Spirit   .   (helmet restricted)
rElec    .         Reflect  .   (no cloak)
rCorr    .         Harm     .   (gloves unavailable)
MR       .....                  (boots unavailable)
Stlth    +.........             (no amulet)
Regen    0.7/turn               (no ring)
MPRegen  0.2/turn               n - +6 ring of strength

@: about to teleport, corroded
A: unfitting armour, claws 3, fast metabolism 3, gourmand, regeneration 1,
shaggy fur 1, tough skin 2
a: Renounce Religion


You were on level 5 of the Dungeon.
You worshipped Ru.
Ru was noncommittal.
You were very hungry.

You visited 2 branches of the dungeon, and saw 7 of its levels.

You collected 296 gold pieces.
You spent 42 gold pieces at shops.

Inventory:

Missiles
 q - 3 tomahawks (quivered)
Armour
 a - a +1 robe (worn)
Jewellery
 n - a +6 ring of strength (right claw)
Scrolls
 e - 2 scrolls of enchant armour
 h - 4 scrolls of remove curse
 l - 2 scrolls of blinking
Potions
 d - a potion of might {unknown}
 f - 2 potions of agility
 i - 3 potions of haste
 j - a potion of resistance
 k - a potion of mutation
 m - 2 potions of flight
 o - a potion of magic
 t - a potion of curing
Comestibles
 c - 5 bread rations
 g - 2 meat rations
 p - 3 royal jellies
 s - 4 fruits


   Skills:
 + Level 4.5 Fighting
 + Level 3.7 Dodging
 - Level 1.0 Stealth
 * Level 8.2 Unarmed Combat
 - Level 1.2 Spellcasting
 - Level 0.6 Conjurations
 - Level 2.1 Poison Magic


You had 8 spell levels left.
You knew the following spells:

 Your Spells              Type           Power        Failure   Level  Hunger
a - Sting                 Conj/Pois      #...         19%         1    ##.....


Dungeon Overview and Level Annotations

Branches:
Dungeon (6/15)             Temple (1/1) D:4

Altars:
Ashenzari
Cheibriados
Dithmenos
Elyvilon
Fedhas
Gozag
Hepliaklqana
Kikubaaqudgha
Makhleb
Nemelex Xobeh
Okawaru
Qazlal
Ru
Sif Muna
Trog
Uskayaw
Vehumet
Xom
Yredelemnul
Zin
The Shining One

Shops:
D:4 !   D:5 *


Innate Abilities, Weirdness & Mutations

You are too large for most types of armour.
You have claws for hands.
Your metabolism is lightning-fast.
You like to eat raw meat.
Your natural rate of healing is unusually fast.
You are covered in fur. (AC +1)
You have very tough skin. (AC +2)


Message History

You claw the rust devil!
The rust devil is heavily wounded.
The rust devil completely misses you.
You closely miss the rust devil.
The rust devil is heavily wounded.
The rust devil barely misses you.
You scratch the rust devil.
The rust devil is heavily wounded.
The rust devil hits you.
* * * LOW HITPOINT WARNING * * *
The rust devil corrodes you!
Damage: -4%(-3hp) hp: 36%(28hp)
You scratch the rust devil but do no damage.
The rust devil is heavily wounded.
The rust devil hits you!
* * * LOW HITPOINT WARNING * * *
The rust devil corrodes you!
Huge Dmg: -11%(-9hp) hp: 25%(19hp)
You see here a scimitar.
The rust devil hits you!
* * * LOW HITPOINT WARNING * * *
The rust devil corrodes you!
Huge Dmg: -12%(-9hp) hp: 14%(11hp)
As you read the scroll of teleportation, it crumbles to dust.
You feel strangely unstable. The rust devil hits you!
* * * LOW HITPOINT WARNING * * *
The rust devil corrodes you!
Huge Dmg: -9%(-7hp) hp: 7%(5hp)
The rust devil hits you!
You die...

###...# ###### #.............#.
......# ###....#####..#..#.#...#.
......###........###.##..........
.............###...#.##..#.......
##.#.####..### ###...#...........
.#.#.# ##.##)#+#)##............#.
.#.#.# #..#♣.....♣#..##.......##.
.#.#.# #.##.......##.........<...
...#.###.#>[..8.@.∩#.......##....
.........##.....4.##..#..#.#####.
...#.##...#♣.....♣#......#.# ##
...#.##...##)#+#)##.###..#.# #
..##.####..### ###..# #..#.######
.....# ##...###....# #........##
.....#######.....#..###.##..#####
................##..........####.
.###.########.#.###.#............


You could see a rust devil.

Vanquished Creatures
  A rust devil (D:6)
  The ghost of Hasart the Chiller, an amateur DEIE (D:4)
  Duvessa (D:5)
  An orc warrior (D:5)
  A sky beast (D:3)
  2 centaurs (D:5)
  Dowan (D:5)
  A scorpion (D:6)
  5 crimson imps
  A bullfrog skeleton (D:5)
  A hound (D:5)
  An orc wizard (D:3)
  6 worker ants
  A hound zombie (D:6)
  6 adders
  A white imp (D:4)
  An ooze (D:2)
  A dart slug (D:1)
  5 worms
  5 leopard geckos
  15 orcs
  A ball python (D:1)
  A giant cockroach (D:2)
  9 goblins
  9 hobgoblins
  3 jackals (D:2)
  8 kobolds
  2 quokkas
  7 bats
  8 frilled lizards
  5 rats
111 creatures vanquished.

Notes
Turn   | Place    | Note
-------+----------+-------------------------------------------
     0 | D:1      | Monsterracer the Troll Venom Mage began the quest for the Orb.
     0 | D:1      | Reached XP level 1. HP: 16/16 MP: 1/1
   114 | D:1      | HP: 8/16 [hobgoblin/club (4)]
   116 | D:1      | Reached skill level 1 in Unarmed Combat
   214 | D:1      | Reached XP level 2. HP: 24/24 MP: 2/2
   665 | D:2      | Reached skill level 1 in Fighting
   665 | D:2      | Reached skill level 2 in Unarmed Combat
   665 | D:2      | Reached XP level 3. HP: 28/33 MP: 3/3
  1136 | D:2      | Reached skill level 3 in Unarmed Combat
  1136 | D:2      | Reached XP level 4. HP: 36/41 MP: 4/4
  1693 | D:3      | HP: 18/42 [kobold/whip (7)]
  1698 | D:3      | HP: 9/42 [something (4)]
  1700 | D:3      | Reached XP level 5. HP: 12/49 MP: 5/5
  1860 | D:3      | Noticed a sky beast
  1878 | D:3      | Killed a sky beast
  1878 | D:3      | Reached skill level 4 in Unarmed Combat
  2101 | D:3      | Reached XP level 6. HP: 59/59 MP: 6/6
  2438 | D:4      | Noticed Hasart's ghost (amateur DEIE)
  2452 | D:4      | HP: 29/59 [Hasart's ghost/Freeze (12)]
  2485 | D:4      | Killed Hasart's ghost
  2485 | D:4      | Reached skill level 5 in Unarmed Combat
  2625 | D:4      | Found Robbuty's Distillery.
  2946 | D:4      | Found a staircase to the Ecumenical Temple.
  2997 | Temple   | Entered the Ecumenical Temple
  3178 | Temple   | Became a worshipper of Ru the Awakened
  3804 | D:5      | Entered Level 5 of the Dungeon
  3809 | D:5      | Reached XP level 7. HP: 50/67 MP: 7/7
  3816 | D:5      | HP: 30/67 [centaur (9)]
  3818 | D:5      | Reached skill level 6 in Unarmed Combat
  3913 | D:5      | Noticed Duvessa
  3914 | D:5      | Noticed Dowan
  3928 | D:5      | HP: 29/67 [Duvessa/short sword (7)]
  3929 | D:5      | Killed Duvessa
  3931 | D:5      | HP: 12/67 [Dowan/stone arrow (12)]
  3936 | D:5      | HP: 17/67 [Dowan/dagger (1)]
  3948 | D:5      | Killed Dowan
  3950 | D:5      | HP: 22/67 [worker ant (3)]
  3953 | D:5      | HP: 10/67 [worker ant (2)]
  3956 | D:5      | HP: 4/67 [worker ant (2)]
  3961 | D:5      | HP: 3/100 [poisoned by a worker ant]
  3967 | D:5      | HP: 2/100 [poisoned by a worker ant]
  3972 | D:5      | HP: 2/100 [poisoned by a worker ant]
  3977 | D:5      | HP: 4/100 [poisoned by a worker ant]
  3981 | D:5      | HP: 1/100 [hound (4)]
  3988 | D:5      | HP: 4/102 [poisoned by a worker ant]
  4430 | D:5      | Found Bewi's General Store.
  4435 | D:5      | Bought a scroll of teleportation for 42 gold pieces
  4575 | D:5      | Reached skill level 7 in Unarmed Combat
  4890 | D:6      | Reached XP level 8. HP: 77/78 MP: 8/8
  5203 | D:5      | Noticed a rust devil
  5203 | D:5      | Noticed a rust devil
  5218 | D:6      | HP: 36/78 [rust devil (12)]
  5220 | D:6      | Killed a rust devil
  5220 | D:6      | Reached skill level 8 in Unarmed Combat
  5302 | D:6      | HP: 39/79 [rust devil (11)]
  5302 | D:6      | HP: 18/79 [orc warrior/trident (21)]
  5334 | D:5      | HP: 30/79 [rust devil (7)]
  5365 | D:5      | HP: 34/79 [rust devil (10)]
  5370 | D:5      | HP: 19/79 [rust devil (10)]
  5375 | D:5      | HP: 5/79 [rust devil (8)]
  5376 | D:5      | Slain by a rust devil

Skill      XL: |  1  2  3  4  5  6  7  8 |
---------------+-------------------------+-----
Unarmed Combat | 1 2 3 4 5 7 8 |  8.2
Fighting       | 1 2 3 4 |  4.5
Dodging        | 2 3 |  3.7
Stealth        | |  1.0
Spellcasting   | |  1.2
Conjurations   | |  0.6
Poison Magic   | |  2.1

Action                   |  1- 3 |  4- 6 |  7- 9 || total
-------------------------+-------+-------+-------++-------
Melee: Unarmed           |   104 |   134 |   117 ||   355
       Punch             |     2 |     1 |     2 ||     5
 Cast: Sting             |     1 |     2 |       ||     3
  Use: Scroll            |     9 |     3 |     4 ||    16
       Potion            |       |       |     3 ||     3
 Stab: Sleeping          |     4 |     3 |     1 ||     8
       Distracted        |     1 |       |       ||     1
  Eat: Chunk             |    16 |    16 |    13 ||    45
Armor: Robe              |    37 |    35 |    21 ||    93
       Skin              |       |       |     3 ||     3
Dodge: Dodged            |    45 |    59 |    59 ||   163

Vault maps used:
D:1:      scummos_arrival_simple_fountains, hangedman_glass_garden,
          minmay_misc_feat_ornament
D:2:      first_bread
D:4:      temple_green, serial_shops, shop, minivault_23, minmay_fire_ice_demons
D:5:      cheibrodos_iron_armory, serial_shops, kennysheep_little_box,
          minmay_misc_feat_alley, uniq_duvessa
Temple:   roderic_octagonal_lattice_temple
